 Dungeon Crawl Stone Soup version 0.28.0-53-g5a82cb258f (webtiles) character file.

Game seed: 15678248013259971997

171 Theotherone the Chopper (level 5, 0/45 HPs)
             Began as a Minotaur Fighter on May 22, 2022.
             Slain by a phantom (5 damage)
             ... on level 4 of the Dungeon.
             The game lasted 00:05:05 (2352 turns).

Theotherone the Chopper (Minotaur Fighter)          Turns: 2352, Time: 00:05:05

Health: 0/45       AC:  6    Str: 21    XL:     5   Next: 26%
Magic:  4/4        EV:  9    Int:  7    God:
Gold:   127        SH:  4    Dex:  9    Spells: 4/4 levels left

rFire   . . .      SeeInvis .   a - +0 war axe
rCold   . . .      Faith    .   c - +0 buckler
rNeg    . . .      Spirit   .   b - +0 scale mail
rPois   +          Reflect  .   (helmet restricted)
rElec   .          Harm     .   (no cloak)
rCorr   .          Rampage  .   (no gloves)
Will    .....                   (no boots)
Stlth   ..........              (no amulet)
HPRegen 0.15/turn               f - ring of poison resistance
MPRegen 0.09/turn               (no ring)

@: mighty
A: horns 2, retaliatory headbutt
a: no special abilities


You were on level 4 of the Dungeon.
You visited 1 branch of the dungeon, and saw 4 of its levels.

You collected 127 gold pieces.

Inventory:

Hand Weapons
 a - a +0 war axe (weapon)
Armour
 b - a +0 scale mail (worn)
 c - a +0 buckler (worn)
Jewellery
 f - a ring of poison resistance (left hand)
Scrolls
 e - a scroll of enchant armour {unknown}
 i - a scroll of amnesia {unknown}
Potions
 d - a potion of might
 g - 3 potions of curing {unknown}
 h - a potion of attraction {unknown}


   Skills:
 - Level 3.6 Fighting
 + Level 6.7 Axes
 - Level 3.6 Armour
 - Level 3.6 Shields


You had 4 spell levels left.
You didn't know any spells.
Your spell library was empty.

Dungeon Overview and Level Annotations

Branches:
Dungeon (4/15)
 Temple: D:4-7

Altars:

Shops:
D:2 (


Innate Abilities, Weirdness & Mutations

You have a pair of horns on your head.
You reflexively headbutt those who attack you in melee.


Message History

The hobgoblin hits you. You block the gnoll's attack.
You see here a +0 club.
Sorry, you're not good enough to have a special ability.
You slash the gnoll!
You kill the gnoll!
You closely miss the ball python. You slash the hobgoblin!
You kill the hobgoblin!
The ball python bites you. The ball python constricts you.
The gnoll barely misses you.
The ball python bites you but does no damage.
The ball python constricts you.
You escape the ball python's grasp.
The gnoll hits you with a +0 halberd!
The hobgoblin hits you with a +0 great mace.
* * * LOW HITPOINT WARNING * * *
The phantom hits you but does no damage.
Things that are here:
a +0 spear; a gnoll corpse You hit the gnoll.
Your headbutt misses the gnoll.
The gnoll is lightly wounded.
You hit the hobgoblin.
You kill the hobgoblin!
You hit the phantom. The gnoll barely misses you.
The ball python completely misses you. The ball python grabs you.
The ball python constricts you. The phantom hits you.
* * * LOW HITPOINT WARNING * * *
The gnoll barely misses you. You furiously retaliate!
You headbutt the gnoll.
Sorry, you're not good enough to have a special ability.
Unknown command.
You feel very mighty all of a sudden.
The ball python bites you but does no damage.
The ball python constricts you.
The phantom hits you but does no damage.
The gnoll hits you with a +0 halberd.
* * * LOW HITPOINT WARNING * * *
You closely miss the phantom.
The phantom is lightly damaged.
You slash the ball python!
You kill the ball python!
You barely miss the gnoll. The phantom hits you.
You die...

..<.#####..####..... ..
...............#### ...
..........####.#
....###.#.###.#####.####
...#.#.#...#...#......#
.........#...#...#.##..
# #....†..#######.####
#...#>.W)...............
.......@).###...###.....
......g...# ...........
......##### ..########
#.#.#. ..# #..... ... .
.# #.###. .. ## ## #.. .
#.# #.. #.#


You could see a phantom and a gnoll.

Vanquished Creatures
  A jelly (D:4)
  A hound (D:4)
  A hound skeleton (D:4)
  2 gnolls (D:4)
  3 dart slugs
  An orc (D:3)
  10 ball pythons
  7 bats
  9 endoplasms
  4 giant cockroaches
  8 hobgoblins
  4 quokkas
  4 frilled lizards
  7 goblins
  6 kobolds
  2 rats (D:1)
70 creatures vanquished.

Vanquished Creatures (others)
  A plant (D:2)
1 creature vanquished.

Grand Total: 71 creatures vanquished

Notes
Turn   | Place    | Note
-------+----------+-------------------------------------------
     0 | D:1      | Theotherone the Minotaur Fighter began the quest for the
                  | Orb.
     0 | D:1      | Reached XP level 1. HP: 19/19 MP: 0/0
    85 | D:1      | Reached skill level 3 in Axes
   149 | D:1      | Reached XP level 2. HP: 20/26 MP: 1/1
   364 | D:1      | Reached skill level 4 in Axes
   804 | D:2      | Reached XP level 3. HP: 31/31 MP: 2/2
  1048 | D:2      | Found Bamarre's Antique Weapon Boutique.
  1495 | D:3      | Reached skill level 5 in Axes
  1901 | D:4      | Reached XP level 4. HP: 33/39 MP: 3/3
  1980 | D:4      | Reached skill level 6 in Axes
  1982 | D:4      | Reached XP level 5. HP: 27/45 MP: 4/4
  2344 | D:4      | Noticed a phantom
  2352 | D:4      | Slain by a phantom

Illustrated notes

Levels and vault maps discovered:
D:1:      matt_arrival_diagonals, layout_loops_ring
D:2:      layout_basic, serial_shops, nicolae_shop_overgrown_old_shop,
          minmay_misc_feat_diagonals
D:3:      layout_rooms, wander_ebering_terrifying_dragon_lair
D:4:      kennysheep_the_goblin_king, layout_basic, minmay_misc_feat_columns

Skill      XL: |  1  2  3  4 |
---------------+-------------+-----
Axes           | 3 4 5 6 |  6.7
Fighting       | |  3.6
Armour         | |  3.6
Shields        | |  3.6

Action                   |  1- 3 |  4- 6 || total
-------------------------+-------+-------++-------
Melee: War axe           |    97 |    38 ||   135
       Headbutt          |    18 |     4 ||    22
  Use: Potion            |       |     1 ||     1
Armor: Scale mail        |    42 |    22 ||    64
Dodge: Dodged            |    43 |    30 ||    73
Block: Buckler           |    21 |    15 ||    36
